 Dungeon Crawl Stone Soup version 0.32-a0-732-ga344392067 (webtiles) character file.

Game seed: 16864111287038368630

310 gimp the Shooter (level 6, -1/44 HPs)
             Began as a Coglin Hunter on Mar 16, 2024.
             Slain by Pikel
             ... wielding a +2 whip of flaming
              (3 damage)
             ... on level 5 of the Dungeon.
             The game lasted 00:03:33 (3548 turns).

gimp the Shooter (Coglin Hunter)                    Turns: 3548, Time: 00:03:34

Health: -1/44      AC:  4    Str: 12    XL:     6   Next: 41%
Magic:  6/6        EV: 11    Int:  8    God:
Gold:   202        SH:  0    Dex: 19    Spells: 5/5 levels left

rFire   . . .        a - +2 sling {Miranda}
rCold   . . .        d - +0 sling {Caihong}
rNeg    . . .        c - +0 leather armour
rPois   .            (no helmet)
rElec   .            (no cloak)
rCorr   .            (no gloves)
SInv    .            p - +0 pair of boots
Will    .....        (amulet unavailable)
Stlth   ++           (ring unavailable)
HPRegen 0.27/turn    (ring unavailable)
MPRegen 0.10/turn    (no gizmo)

%: no passive effects
@: hasted, revved, very quick
A: off-hand wielding, slow wielding, warmup strikes, no jewellery
a: Invent Gizmo


You were on level 5 of the Dungeon.
You visited 2 branches of the dungeon, and saw 6 of its levels.

You collected 202 gold pieces.

Inventory:

Hand Weapons
 a - a +2 sling (weapon) {Miranda}
 d - a +0 sling (offhand) {Caihong}
Armour
 c - a +0 leather armour (worn)
 p - a +0 pair of boots (worn)
Wands
 o - a wand of flame (18)
Scrolls
 b - a scroll of butterflies
 e - a scroll of torment {unknown}
 f - 3 scrolls of identify {unknown}
 h - 2 scrolls of enchant armour {unknown}
 k - a scroll of noise {unknown}
 m - 2 scrolls of acquirement {unknown}
 n - 3 scrolls of teleportation {unknown}
Potions
 g - a potion of degeneration {unknown}
 i - 4 potions of haste
 j - a potion of resistance {unknown}
 l - 2 potions of mutation {unknown}
 q - a potion of cancellation {unknown}
 r - a potion of lignification {unknown}


   Skills:
 - Level 2.0 Fighting
 + Level 6.8 Ranged Weapons
 - Level 1.7 Dodging
 - Level 0.7 Stealth


You had 5 spell levels left.
You didn't know any spells.
Your spell library contained the following spells:

 Spells                   Type           Power      Damage    Failure   Level
 Apportation              Tloc           0%         N/A       50%         1
 Jinxbite                 Hex            0%         N/A       63%         2
 Anguish                  Hex/Necr       0%         N/A       99%         4
 Cause Fear               Hex            0%         N/A       99%         4
 Alistair's Intoxication  Alch           0%         N/A       100%        5
 Enfeeble                 Hex            0%         N/A       100%        7


Dungeon Overview and Level Annotations

Branches:
Dungeon (5/15)             Temple (1/1) D:4

Altars:
Ashenzari
Elyvilon
Fedhas
Gozag
Hepliaklqana
Qazlal
Sif Muna
Vehumet
Xom
The Shining One

Annotations:
D:5 Pikel


Innate Abilities, Weirdness & Mutations

You can wield a second weapon in your off-hand.
It takes a long time for you to wield or remove held weapons.
Your first few attacks do less damage.
You cannot equip rings or amulets.


Message History

You shoot a sling bullet. The sling bullet hits the lemure.
You kill the lemure!
That felt strangely unrewarding.
You shoot a sling bullet. The sling bullet hits the lemure.
The lemure is moderately wounded.
You shoot a sling bullet.
The sling bullet closely misses the lemure.
The lemure misses you.
You shoot a sling bullet.
The sling bullet hits the lemure but does no damage.
The lemure is moderately wounded.
You shoot a sling bullet.
The sling bullet closely misses the lemure.
The lemure hits you. x2
You take 5 damage, and have 38/44 hp.
You shoot a sling bullet. The sling bullet hits the lemure.
The lemure is moderately wounded.
You shoot a sling bullet.
The sling bullet closely misses the lemure.
The lemure hits you but does no damage.
You shoot a sling bullet.
The sling bullet hits the lemure but does no damage.
The lemure is moderately wounded.
You shoot a sling bullet.
The sling bullet hits the lemure but does no damage.
The lemure is moderately wounded.
The lemure hits you.
You take 6 damage, and have 32/44 hp.
You shoot a sling bullet. The sling bullet hits the lemure.
The lemure is heavily wounded.
You shoot a sling bullet. The sling bullet hits the lemure.
The lemure is severely wounded.
The lemure hits you!
You take 7 damage, and have 25/44 hp.
You shoot a sling bullet. The sling bullet hits the lemure.
The lemure is severely wounded.
You shoot a sling bullet. The sling bullet hits the lemure.
The lemure is severely wounded.
The lemure hits you but does no damage.
You shoot a sling bullet. The sling bullet hits the lemure.
The lemure is almost dead.
You shoot a sling bullet.
The sling bullet hits the lemure but does no damage.
The lemure is almost dead.
The lemure hits you.
You take 4 damage, and have 21/44 hp.
You are too injured to fight recklessly!
You are too injured to fight recklessly!
You are too injured to fight recklessly!
You are too injured to fight recklessly!
You shoot a sling bullet.
The sling bullet hits the lemure but does no damage.
The lemure is almost dead.
You shoot a sling bullet.
The sling bullet barely misses the lemure.
The lemure closely misses you.
You shoot a sling bullet. The sling bullet hits the lemure.
You kill the lemure!
That felt strangely unrewarding.
You shoot a sling bullet.
Pikel, Merchant of Souls comes into view.
He is wielding a +2 whip of flaming.
You regained 10 hp, and now have 32/44 hp.
Pikel shouts!
You hear a shout!
You shoot a sling bullet. The sling bullet barely misses Pikel.
You shoot a sling bullet. The sling bullet hits Pikel.
Pikel is lightly wounded.
You shoot a sling bullet. The sling bullet hits Pikel.
Pikel is lightly wounded.
You shoot a sling bullet. The sling bullet hits Pikel.
Pikel is moderately wounded.
You shoot a sling bullet. The sling bullet hits Pikel.
Pikel is heavily wounded.
You shoot a sling bullet. The sling bullet hits Pikel.
Pikel is severely wounded.
Pikel hits you with a +2 whip of flaming!
Pikel burns you.
You take 15 damage, and have 18/44 hp.
MASSIVE DAMAGE!!
You are too injured to fight recklessly!
You are too injured to fight recklessly!
You are too injured to fight recklessly!
You shoot a sling bullet. The sling bullet barely misses Pikel.
You shoot a sling bullet. The sling bullet barely misses Pikel.
Pikel hits you with a +2 whip of flaming.
Pikel burns you.
You take 4 damage, and have 14/44 hp.
You shoot a sling bullet.
The sling bullet hits Pikel but does no damage.
Pikel is severely wounded.
You shoot a sling bullet. The sling bullet hits Pikel!
Pikel is severely wounded.
Pikel hits you with a +2 whip of flaming!
* * * LOW HITPOINT WARNING * * *
Pikel burns you.
* * * LOW HITPOINT WARNING * * *
You take 12 damage, and have 2/44 hp.
MASSIVE DAMAGE!!
Okay, then.
It was a potion of haste.
You feel yourself speed up.
Pikel says, "Hell isn't that bad."
Pikel hits you with a +2 whip of flaming.
You die...
Pikel says, "Another soul for the market."

##########
#........#
#.######@# #.#
#K#
########.######.#
.......<.....##.#
.#######.###.##.#
#.# #. #.#
#.###.##.#
#........#
#####5####


You could see Pikel.

Vanquished Creatures
  2 phantoms
  2 lemures (D:5)
  A sleepcap (D:3)
  An iguana (D:4)
  4 adders
  3 dart slugs
  3 ribbon worms (D:2)
  3 orcs (D:3)
  4 endoplasms
  5 giant cockroaches
  7 goblins
  9 hobgoblins
  A quokka (D:4)
  3 ball pythons (D:1)
  A bat (D:3)
  A frilled lizard (D:1)
  7 kobolds
  6 rats
63 creatures vanquished.

Notes
Turn   | Place    | Note
-------+----------+-------------------------------------------
     0 | D:1      | gimp the Coglin Hunter began the quest for the Orb.
     0 | D:1      | Reached XP level 1. HP: 16/16 MP: 1/1
     1 | D:1      | Noticed an electric eel
   316 | D:1      | Reached skill level 4 in Ranged Weapons
   316 | D:1      | Reached XP level 2. HP: 22/22 MP: 2/2
   699 | D:2      | Noticed a phantom
   713 | D:2      | Killed a phantom
   714 | D:2      | Reached skill level 5 in Ranged Weapons
   714 | D:2      | Reached XP level 3. HP: 11/27 MP: 3/3
   714 | D:2      | Reached XP level 4. HP: 14/33 MP: 4/4
  1046 | D:2      | Reached XP level 5. HP: 38/38 MP: 5/5
  1893 | D:3      | Reached skill level 6 in Ranged Weapons
  2226 | D:3      | Found a white marble altar of Elyvilon.
  2226 | D:3      | Found a blossoming altar of Fedhas.
  2713 | D:4      | Found a staircase to the Ecumenical Temple.
  2752 | Temple   | Entered the Ecumenical Temple
  2822 | D:4      | Found a hazy altar of Hepliaklqana.
  2830 | D:4      | Reached XP level 6. HP: 44/44 MP: 6/6
  2846 | D:4      | Found a radiant altar of Vehumet.
  3433 | D:5      | Entered Level 5 of the Dungeon
  3539 | D:5      | Noticed Pikel
  3547 | D:5      | HP: 2/44 [Pikel/+2 whip of flaming (4)]
  3548 | D:5      | Slain by Pikel

Illustrated notes

Levels and vault maps discovered:
D:1:      arrival_aquarium_a, layout_basic, minmay_bisected
D:2:      minmay_skewed_foursquare, layout_basic
D:3:      layout_basic, gammafunk_temple_overflow_wave
D:4:      layout_basic, vehumet_altar_wand_db, mainiacjoe_overflow_catwalk,
          temple_fountains
D:5:      layout_loops_corners, kennysheep_little_box,
          nemelex_dance_club_becter, zin_treasury, gammafunk_ghost_arena,
          uniq_pikel
Temple:   hellmonk_temple_micro_hex

Skill      XL: |  1  2  3  4  5 |
---------------+----------------+-----
Ranged Weapons | 4 5 6 |  6.8
Fighting       | |  2.0
Dodging        | |  1.7
Stealth        | |  0.7

Action                     |  1- 3 |  4- 6 || total
---------------------------+-------+-------++-------
   Fire: Sling             |    88 |   264 ||   352
    Use: Potion            |       |     1 ||     1
 Armour: Leather armour    |    11 |    26 ||    37
  Dodge: Dodged            |     5 |    16 ||    21

Table legend: (Time is in decaauts)
 A = Elapsed time spent in this place.
 B = Non-inter-level travel time spent in this place.
 C = Inter-level travel time spent in this place.
 D = Time resting spent in this place.
 E = Time spent auto-exploring this place.
 F = Levels seen in this place.
 G = Mean time per level.
                   A        B        C        D        E       F      G
               +--------+--------+--------+--------+--------+-----+--------+
         Total |   3575 |   3384 |    191 |      0 |   2977 |   6 |  595.8 |
       Dungeon |   3573 |   3382 |    191 |      0 |   2977 |   5 |  714.6 |
        Temple |      1 |      1 |      0 |      0 |      0 |   1 |    1.0 |
               +--------+--------+--------+--------+--------+-----+--------+

Top non-repeatable levels by time:
     D:2: 1118 daAuts
     D:4: 914 daAuts
     D:3: 796 daAuts
     D:1: 625 daAuts
     D:5: 117 daAuts
  Temple: 1 daAuts
